 Dungeon Crawl Stone Soup version 0.28.0-53-g5a82cb258f (webtiles) character file.

Game seed: 6637059892121669454

18540 Cykl0x the Geomancer (level 12, -5/73 HPs)
             Began as a Gargoyle Earth Elementalist on June 1, 2022.
             Was a High Priest of Vehumet.
             Slain by a minotaur
             ... wielding a +1 glaive of protection
              (27 damage)
             ... in a Gauntlet.
             The game lasted 00:38:17 (17823 turns).

Cykl0x the Geomancer (Gargoyle Earth Elementalist) Turns: 17823, Time: 00:38:18

Health: -5/73      AC: 22    Str: 16    XL:     12   Next: 59%
Magic:  2/26       EV: 14    Int: 20    God:    Vehumet [*****.]
Gold:   1267       SH:  0    Dex: 10    Spells: 19/31 levels left

rFire   + . .      SeeInvis .   n - +3 flail (holy)
rCold   x . .      Faith    .   (no shield)
rNeg    + . .      Spirit   .   G - +3 scale mail
rPois   ∞          Reflect  .   E - +2 hat {Stlth+}
rElec   +          Harm     .   (no cloak)
rCorr   .          Rampage  .   l - +0 pair of gloves
Will    +....      NoTele   +   (no boots)
Stlth   +.........              v - amulet of regeneration
HPRegen 1.02/turn               J - ring of fire
MPRegen 0.20/turn               w - ring "Sosekh" {Will+ EV+4 Int+3}

@: no status effects
A: sickness immunity, AC +8, negative energy resistance 1, electricity
resistance, torment resistance 1, petrification resistance
a: Renounce Religion


You were in a Gauntlet.
You worshipped Vehumet.
Vehumet was extremely pleased with you.
You visited 2 branches of the dungeon, and saw 14 of its levels.
You also visited: Sewer, Bailey and Gauntlet.

You collected 1267 gold pieces.

Inventory:

Hand Weapons
 n - a +3 flail of holy wrath (weapon)
Missiles
 b - 53 stones
Armour
 l - a +0 pair of gloves (worn)
 s - a +0 helmet
 E - a +2 hat of stealth (worn)
 G - a +3 scale mail (worn)
Jewellery
 a - a ring of ice
 d - an amulet of the acrobat
 j - a ring of positive energy
 p - a ring of resist corrosion
 v - an amulet of regeneration (around neck)
 w - the ring "Sosekh" (right hand) {Will+ EV+4 Int+3}
   (You found it in a Gauntlet)

   [ring of evasion]

   EV:        It affects your evasion (+4).
   Int:       It affects your intelligence (+3).
   Will:      It increases your willpower.
 y - a +4 ring of evasion
 B - an amulet of faith
 J - a ring of fire (left hand)
 N - a +4 ring of evasion
Wands
 m - a wand of polymorph (1)
 C - a wand of digging (10)
 F - a wand of flame (37)
 M - a wand of paralysis (6)
Scrolls
 e - a scroll of amnesia
 f - a scroll of vulnerability
 h - 4 scrolls of teleportation
 i - a scroll of immolation
 k - 4 scrolls of blinking
 r - 3 scrolls of fear
 t - 3 scrolls of fog
 K - 2 scrolls of enchant armour
Potions
 o - 3 potions of ambrosia
 q - 4 potions of curing
 u - 2 potions of flight
 x - a potion of haste
 z - a potion of lignification
 A - 3 potions of mutation
 D - 2 potions of cancellation {unknown}
 I - a potion of might
 O - a potion of brilliance {unknown}
 Q - 2 potions of berserk rage {unknown}


   Skills:
 * Level 7.6 Fighting
 + Level 3.4 Maces & Flails
 + Level 4.7 Armour
 + Level 3.1 Dodging
 - Level 2.1 Stealth
 + Level 10.4 Spellcasting
 * Level 11.1 Conjurations
 - Level 0.7 Transmutations
 + Level 0.1 Air Magic
 + Level 12.3 Earth Magic
 + Level 0.5 Poison Magic
 + Level 0.6 Evocations


You had 19 spell levels left.
You knew the following spells:

 Your Spells              Type           Power      Damage    Failure   Level
a - Sandblast             Erth           100%       2d20      1%          1
b - Stone Arrow           Conj/Erth      100%       3d13      1%          3
c - Magic Dart            Conj           100%       1d8       1%          1
d - Mephitic Cloud        Conj/Pois/Air  26%        N/A       3%          3
e - Olgreb's Toxic Radia  Pois           12%        N/A       38%         4

Your spell library contained the following spells:

 Spells                   Type           Power      Damage    Failure   Level
 Ozocubu's Refrigeration  Ice            5%         4d6       100%        7
 Dazzling Flash           Conj/Hex       64%        N/A       1%          3
 Passwall                 Tmut/Erth      30%        N/A       2%          2
 Iskenderun's Mystic Bla  Conj/Tloc      32%        2d8       6%          4
 Irradiate                Conj/Tmut      17%        3d19      14%         5
 Petrify                  Tmut/Erth      36%        N/A       16%         4
 Frozen Ramparts          Ice            20%        1d4       17%         3
 Ensorcelled Hibernation  Hex/Ice        20%        N/A       32%         2
 Borgnjor's Vile Clutch   Necr/Erth      17%        N/A       43%         5
 Swiftness                Air            11%        N/A       52%         3
 Tukima's Dance           Hex            10%        N/A       54%         3
 Starburst                Conj/Fire      24%        6d8       61%         6
 Ice Form                 Ice/Tmut       11%        N/A       88%         4
 Anguish                  Hex/Necr       5%         N/A       91%         4
 Summon Ice Beast         Ice/Summ       10%        N/A       91%         4
 Alistair's Intoxication  Tmut/Pois      8%         N/A       99%         5
 Eringya's Noxious Bog    Tmut/Pois      6%         N/A       99%         6
 Enfeeble                 Hex            5%         N/A       100%        7
 Sublimation of Blood     Necr           Unusable   N/A       N/A         2

Dungeon Overview and Level Annotations

Branches:
Dungeon (13/15)            Temple (1/1) D:4            Lair (0/6) D:9
    Orc (0/2) D:11          Sewer (visited)          Bailey (visited)
Gauntlet (1/1)
 Vaults: D:13-14

Altars:
Ashenzari
Cheibriados
Dithmenos
Elyvilon
Fedhas
Kikubaaqudgha
Makhleb
Nemelex Xobeh
Okawaru
Qazlal
Sif Muna
Trog
Vehumet
Wu Jian
Xom
Yredelemnul
Zin
The Shining One
Beogh

Shops:
D:7 [([=

Portals:
Trove: D:10 (give 4 scrolls of fear)

Annotations:
Gauntlet 6 transporters


Innate Abilities, Weirdness & Mutations

You are immune to sickness and miasma.
Your stone body is resilient. (AC +8)
You are immune to poison.
You resist negative energy. (rN+)
You are resistant to electric shocks. (rElec)
You are resistant to unholy torment.
You are immune to petrification.


Message History

The minotaur is severely wounded.
The minotaur throws a silver javelin.
The silver javelin pierces through you!!
Unknown command.
The minotaur closely misses you.
The minotaur gores you but does no damage.
You hit the minotaur.
The minotaur is severely wounded.
The minotaur hits you with a +1 glaive of protection!!
The minotaur completely misses you.
You hit the minotaur but do no damage.
The minotaur is severely wounded.
The minotaur hits you with a +1 glaive of protection!
* * * LOW HITPOINT WARNING * * *
The minotaur gores you but does no damage.
You hit the minotaur.
The minotaur is severely wounded.
The minotaur closely misses you. The minotaur gores you.
* * * LOW HITPOINT WARNING * * *
You feel much better.
The minotaur hits you with a +1 glaive of protection!
The minotaur gores you.
* * * LOW HITPOINT WARNING * * *
As you read the scroll of summoning, it crumbles to dust.
Wisps of shadow whirl around you...
The minotaur hits you with a +1 glaive of protection.
* * * LOW HITPOINT WARNING * * *
The minotaur gores you but does no damage.
What are your orders? t - Shout!
Orders for allies: a - Attack new target. p - Attack previous target. r - Retreat! s - Stop attacking. g - Guard the area. f - Follow me.
Anything else - Cancel.
Gang up on whom?
Press: ? - help, Dir - move target, f/p - minotaur
Aim: a minotaur, wielding a +1 glaive of protection, wearing the +9 acid dragon scales of Nipneih {rPois rCorr} and quivering silver javelins (severely wounded, ally target) Attack!
The minotaur hits you with a +1 glaive of protection!!
You die...

#8#
#≈...............≈#
#8 ###
#8.8.8..©.©..8.8.8#
##
#§.§.............≈#
###§#.#######.#.###
#.#....#....#.#
#.#.##.#.##.#.#
#.5.3.........#
#.#.H##'##..#.#
#.#@.#8H8#..#.#
#P.G.#...#....#
###8.#8.8#.8###
####|./#### #8.8#
#[.[# #8∩8#


You could see a minotaur (ally target), a friendly oklob plant (summoned), a
friendly sixfirhy (summoned), a friendly floating eye (summoned) and a friendly
white imp (summoned).

Vanquished Creatures
  A hydra (D:12)
  A boulder beetle (D:10)
  5 two-headed ogres
  A soul eater (Gauntlet)
  A deep elf pyromancer (D:12)
  2 cyclopes (D:12)
  A freezing wraith (D:11)
  An unseen horror (D:10)
  A komodo dragon (D:10)
  A troll (D:11)
  2 hornets
  4 slime creatures (D:8)
  A raiju (Gauntlet)
  A vampire (D:11)
  2 wraiths
  2 fire bats (Gauntlet)
  9 yaks
  3 steam dragons
  Menkaure (D:4)
  Edmund (D:4)
  The ghost of Atelerd the Digger, an amateur OpEE (D:4)
  3 hell hounds (Gauntlet)
  3 water moccasins
  3 sky beasts
  5 orc warriors
  A black bear (D:6)
  2 necrophages
  5 wolves (Bailey)
  2 ogres (D:4)
  2 centaurs
  Blork the orc (D:4)
  A kobold brigand (D:8)
  4 bullfrogs
  9 gnoll sergeants
  4 scorpions
  9 killer bees (D:9)
  3 wights (D:10)
  6 howler monkeys
  5 centaur zombies
  2 bullfrog zombies
  A jelly (D:7)
  4 gnoll shamans (Bailey)
  4 orc priests
  5 hounds
  2 bullfrog skeletons (D:5)
  A centaur skeleton (D:6)
  3 iguanas
  7 orc wizards
  A lightning spire (Gauntlet)
  A howler monkey zombie (D:7)
  7 adders
  22 gnolls
  4 howler monkey skeletons
  3 shadow imps
  2 ufetubi
  2 worms (D:2)
  5 dart slugs
  53 orcs
  16 ball pythons
  7 endoplasms
  12 giant cockroaches
  8 goblins
  5 hobgoblins
  4 jackals (D:2)
  10 kobolds
  11 quokkas
  4 bats
  12 frilled lizards
  7 rats
335 creatures vanquished.

Vanquished Creatures (collateral kills)
  A hell hog (Gauntlet)
  2 fire bats (Gauntlet)
  A killer bee (D:9)
4 creatures vanquished.

Vanquished Creatures (others)
  16 plants
  2 withered plants (D:4)
18 creatures vanquished.

Grand Total: 357 creatures vanquished

Notes
Turn   | Place    | Note
-------+----------+-------------------------------------------
     0 | D:1      | Cykl0x the Gargoyle Earth Elementalist began the quest for
                  | the Orb.
     0 | D:1      | Reached XP level 1. HP: 10/10 MP: 3/3
    63 | D:1      | Reached XP level 2. HP: 15/15 MP: 3/5
    93 | D:1      | Reached skill level 4 in Earth Magic
   174 | D:1      | Reached skill level 1 in Conjurations
   366 | D:1      | Reached XP level 3. HP: 19/19 MP: 1/6
   370 | D:1      | Learned a level 3 spell: Stone Arrow
  1500 | D:2      | Reached XP level 4. HP: 22/24 MP: 0/7
  1638 | D:2      | Found a shimmering altar of Xom.
  2376 | D:3      | Noticed a water moccasin
  2379 | D:3      | Killed a water moccasin
  2380 | D:3      | Reached skill level 1 in Maces & Flails
  2380 | D:3      | Reached XP level 5. HP: 28/28 MP: 5/9
  2436 | D:3      | Reached skill level 5 in Earth Magic
  2783 | D:3      | Reached XP level 6. HP: 32/32 MP: 5/11
  3296 | D:4      | Noticed Menkaure
  3301 | D:4      | Killed Menkaure
  3406 | D:4      | Found a staircase to the Ecumenical Temple.
  3412 | Temple   | Entered the Ecumenical Temple
  3468 | Temple   | Became a worshipper of Vehumet
  3536 | D:4      | Found a runed translucent door.
  3536 | D:4      | Noticed Atelerd's ghost (amateur OpEE)
  3543 | D:4      | Reached XP level 7. HP: 36/36 MP: 9/13
  3594 | D:4      | Noticed Blork the orc
  3601 | D:4      | Killed Blork the orc
  3602 | D:4      | Reached skill level 6 in Earth Magic
  4023 | D:4      | Noticed Edmund
  4028 | D:4      | Killed Edmund
  4029 | D:4      | Reached skill level 5 in Spellcasting
  4048 | D:4      | Reached XP level 8. HP: 41/41 MP: 2/15
  5027 | D:4      | Killed Atelerd's ghost
  5028 | D:4      | Reached skill level 7 in Earth Magic
  5105 | D:5      | Entered Level 5 of the Dungeon
  5111 | D:5      | Reached skill level 1 in Armour
  5382 | D:5      | Reached skill level 5 in Conjurations
  5510 | D:5      | Found a glowing drain.
  5512 | D:5      | Reached * piety under Vehumet
  5512 | D:5      | Offered knowledge of Magic Dart by Vehumet.
  5515 | D:5      | Learned a level 1 spell: Magic Dart
  5525 | Sewer    | Entered a sewer
  5737 | Sewer    | Reached skill level 1 in Fighting
  6235 | Sewer    | Reached ** piety under Vehumet
  6235 | Sewer    | Offered knowledge of Scorch by Vehumet.
  6766 | D:5      | Identified the +7 falchion "Tormentor" {vorpal, Drain rC-
                  | Str+2 Dex+5}
  7246 | D:5      | Found a shimmering blue altar of Sif Muna.
  7350 | D:6      | Found a shimmering blue altar of Sif Muna.
  7418 | D:6      | Reached XP level 9. HP: 41/47 MP: 13/18
  7505 | D:6      | Found a white marble altar of Elyvilon.
  7657 | D:6      | Reached skill level 8 in Earth Magic
  7816 | D:6      | Found an ornate altar of the Wu Jian Council.
  8744 | D:7      | Found Lytale's Jewellery Shoppe.
  8820 | D:7      | Found a basalt altar of Yredelemnul.
  9241 | D:7      | Found Netze's Antique Armour Shop.
  9417 | D:7      | Found Noreacet's Weapon Shoppe.
  9588 | D:7      | Reached skill level 9 in Earth Magic
  9725 | D:7      | Found Ximo's Antique Armour Emporium.
  9738 | D:7      | Offered knowledge of Mephitic Cloud by Vehumet.
  9739 | D:7      | Reached XP level 10. HP: 39/56 MP: 6/20
  9743 | D:7      | Learned a level 3 spell: Mephitic Cloud
 10154 | D:7      | Found a sparkling altar of Nemelex Xobeh.
 10428 | D:8      | Found a flagged portal.
 10443 | Bailey   | Entered a bailey
 10633 | Bailey   | Reached *** piety under Vehumet
 10677 | Bailey   | Identified the +1 chain mail of the Ego {Harm rPois Str+8
                  | Slay-2}
 10964 | Bailey   | Offered knowledge of Hailstorm by Vehumet.
 11693 | D:8      | Noticed a two-headed ogre
 11701 | D:8      | Killed a two-headed ogre
 11702 | D:8      | Reached skill level 10 in Earth Magic
 11822 | D:8      | Reached **** piety under Vehumet
 11839 | D:8      | Offered knowledge of Olgreb's Toxic Radiance by Vehumet.
 11845 | D:8      | Learned a level 4 spell: Olgreb's Toxic Radiance
 12066 | D:8      | You fall into a shaft and drop 3 floors!
 12196 | D:11     | Noticed a two-headed ogre
 12201 | D:11     | Killed a two-headed ogre
 12202 | D:11     | Reached skill level 5 in Fighting
 12279 | D:11     | Reached XP level 11. HP: 64/64 MP: 10/23
 12301 | D:11     | Noticed a boulder beetle
 12311 | D:10     | Entered Level 10 of the Dungeon
 12585 | D:10     | Found a burning altar of Makhleb.
 12585 | D:10     | Noticed a green death
 13568 | D:9      | Found a staircase to the Lair.
 13636 | D:9      | Found a broken altar of Ashenzari.
 13876 | D:9      | Noticed a two-headed ogre
 13881 | D:9      | Killed a two-headed ogre
 14269 | D:10     | Noticed a two-headed ogre
 14270 | D:10     | Reached ***** piety under Vehumet
 14270 | D:10     | Offered knowledge of Ozocubu's Refrigeration by Vehumet.
 14277 | D:10     | Killed a two-headed ogre
 14278 | D:10     | Reached skill level 11 in Earth Magic
 14282 | D:10     | Noticed a two-headed ogre
 14289 | D:10     | Killed a two-headed ogre
 14460 | D:10     | Reached skill level 10 in Conjurations
 14735 | D:10     | Found a portal to a secret trove of treasure.
 15014 | D:10     | Reached XP level 12. HP: 51/71 MP: 13/25
 15475 | D:10     | Killed a boulder beetle
 16254 | D:11     | Found a staircase to the Orcish Mines.
 16470 | D:12     | Noticed a seven-headed hydra
 16476 | D:12     | Killed a seven-headed hydra
 16477 | D:12     | Reached skill level 10 in Spellcasting
 16929 | D:13     | Found a gate leading to a gauntlet.
 16936 | Gauntlet | Entered a Gauntlet
 16936 | Gauntlet | Found a transporter.
 16936 | Gauntlet | Found a transporter.
 16937 | Gauntlet | Found a transporter.
 16937 | Gauntlet | Found a transporter.
 16937 | Gauntlet | Noticed a soul eater
 16940 | Gauntlet | Found a transporter.
 16940 | Gauntlet | Found a transporter.
 16947 | Gauntlet | Noticed a hell hog
 16950 | Gauntlet | Found a transporter.
 16954 | Gauntlet | Found a transporter.
 16960 | Gauntlet | Noticed a death scarab
 16964 | Gauntlet | Found a transporter.
 16966 | Gauntlet | Noticed a death scarab
 17066 | Gauntlet | Found a transporter.
 17070 | Gauntlet | Found a transporter.
 17082 | Gauntlet | Found a transporter.
 17276 | Gauntlet | Killed a soul eater
 17277 | Gauntlet | Reached skill level 12 in Earth Magic
 17508 | Gauntlet | Killed a hell hog
 17518 | Gauntlet | Identified the ring "Sosekh" {Will+ EV+4 Int+3}
 17660 | Gauntlet | Identified the +9 acid dragon scales of Nipneih {rPois
                  | rCorr}
 17660 | Gauntlet | Noticed a minotaur
 17823 | Gauntlet | Slain by a minotaur

Illustrated notes

Levels and vault maps discovered:
D:1:      wander_arrival_fairy_ring, layout_rooms
D:2:      layout_loops_ring, basic_altar, serial_bayou_lake_a
D:3:      layout_rooms
D:4:      layout_basic, minmay_temple_entry_arrows, gammafunk_ghost_grave,
          chequers_serial_rivers_micro_b, uniq_blork_the_orc, uniq_menkaure,
          uniq_edmund
D:5:      layout_basic, lemuel_coloured_pillars_altar, portal_sewer_entry_f,
          minmay_crystal_water
D:6:      layout_loops_corners, nicolae_elyvilon_peaceful_grove,
          hangedman_feature_mirror
D:7:      layout_layer_cave, nemelex_spade_bored_becter,
          mainiacjoe_overflow_24_doors, serial_shops, shop,
          nicolae_shop_hallway_plus, nicolae_shop_waterfront, shop_coins
D:8:      layout_basic, enter_bailey_2
D:9:      layout_grid_maze, general_overflow_altar, dpeg_oklobed_lair
D:10:     layout_grid_maze, makhleb_altar_promises_db,
          nicolae_trove_entry_free_sample, serial_undead, serial_undead_b,
          serial_undead_b, serial_undead_a, serial_undead_e
D:11:     layout_loops_ring, david_orc_5
D:12:     layout_rooms
D:13:     layout_long_grid, skrybe_vaults_entry_preservation,
          gauntlet_entry_generic, lemuel_zombie_altar_yredelemnul
Temple:   eino_temple_rhombus
Gauntlet: gammafunk_gauntlet_hard_choice [gammafunk_gauntlet_arena_grid,
          nicolae_gauntlet_swirl, nicolae_gauntlet_arena_grate_2,
          nicolae_gauntlet_arena_flowing_pool, gammafunk_gauntlet_arena_teeth,
          nicolae_gauntlet_arena_quarters,
          nicolae_gauntlet_exit_dead_adventurers]

Skill      XL: |  1  2  3  4  5  6  7  8  9 10 11 12 |
---------------+-------------------------------------+-----
Earth Magic    | 4 5 6 7 9 10 11 12 | 12.3
Conjurations   | 1 2 3 4 5 7 8 10 11 | 11.1
Maces & Flails | 1 2 3 |  3.4
Spellcasting   | 3 4 5 6 7 8 9 10 | 10.4
Dodging        | 2 3 |  3.1
Armour         | 2 3 4 |  4.7
Fighting       | 1 3 5 6 7 |  7.6
Stealth        | |  2.1
Transmutations | |  0.7
Air Magic      | |  0.1
Poison Magic   | |  0.5
Evocations     | |  0.6

Action                   |  1- 3 |  4- 6 |  7- 9 | 10-12 || total
-------------------------+-------+-------+-------+-------++-------
Melee: Unarmed           |     2 |       |       |       ||     2
       Club              |    18 |       |       |       ||    18
       Whip              |    24 |    18 |       |       ||    42
       Punch             |     1 |     1 |       |     1 ||     3
       Flail             |       |       |    52 |    51 ||   103
 Cast: Sandblast         |    31 |    29 |    39 |   185 ||   284
       Stone Arrow       |    13 |    18 |   120 |   186 ||   337
       Magic Dart        |       |       |    59 |    58 ||   117
       Mephitic Cloud    |       |       |       |    16 ||    16
Evoke: Wand              |       |       |       |     3 ||     3
  Use: Scroll            |     1 |     5 |     3 |    19 ||    28
       Potion            |       |       |       |     4 ||     4
 Stab: Confused          |       |       |       |     2 ||     2
Armor: Robe              |    14 |    11 |     1 |       ||    26
       Leather armour    |       |       |    59 |    37 ||    96
       Scale mail        |       |       |       |    91 ||    91
Dodge: Dodged            |    36 |    19 |    76 |   233 ||   364
